EL
SPRINGFIELD CARDINALS @ HARRISBURG SENATORS
06/03/2048
 
TOP OF THE 1ST
Springfield Cardinals batting - Pitching for Harrisburg Senators : RHP Ivano Galikov
Pitching: RHP Ivano Galikov
Batting: RHB Fortunato Fteira 0-0: Fly out, F8 (Flyball, 8RS, EV 96.9 MPH)
Batting: RHB Joe Alley 0-0: Ball
1-0: Fly out, F7 (Flyball, 7LS, EV 87.5 MPH)
Batting: RHB Davey Beeson 0-0: Foul Ball, location: 2F
0-1: Ball
1-1: SINGLE (Groundball, 5S, EV 64.4 MPH) (infield hit)
Batting: RHB Tommy Boudreaux 0-0: Ball
1-0: Called Strike
1-1: Swinging Strike
1-2: Fly out, F8 (Flyball, 8LD, EV 78.8 MPH)
Top of the 1st over - 0 runs, 1 hit, 0 errors, 1 left on base; Springfield 0 - Harrisburg 0
BOTTOM OF THE 1ST
Harrisburg Senators batting - Pitching for Springfield Cardinals : RHP Danny Cook
Pitching: RHP Danny Cook
Batting: LHB Pat Aviles 0-0: Ball
1-0: Foul Ball, location: 2F
1-1: Foul Ball, location: 2F
1-2: Fly out, F8 (Flyball, 8RM, EV 88.8 MPH)
Batting: RHB Ryan Hiemer 0-0: Ball
1-0: Swinging Strike
1-1: Ball
2-1: Ball
3-1: Base on Balls
Batting: RHB Antonio Laurel 0-0: Foul Ball, location: 2F
0-1: DOUBLE (Line Drive, 78XD, EV 103.8 MPH)
Ryan Hiemer to third
Runner from 3rd tries for Home, throw by CF and OUT! 8-6-2
Batting: RHB Kevin Wick 0-0: Ball
1-0: Swinging Strike
1-1: Foul Ball, location: 2F
1-2: Foul Ball, location: 2F
1-2: Ball
2-2: Ground out 6-3 (Groundball, 56, EV 84.4 MPH)
Bottom of the 1st over - 0 runs, 1 hit, 0 errors, 1 left on base; Springfield 0 - Harrisburg 0
TOP OF THE 2ND
Springfield Cardinals batting - Pitching for Harrisburg Senators : RHP Ivano Galikov
Batting: RHB Jose Jimenez 0-0: Ball
1-0: Swinging Strike
1-1: Called Strike
1-2: Ball
2-2: Ground out 5-3 (Groundball, 5S, EV 87.5 MPH)
Batting: RHB Kalidas Mishra 0-0: Ball
1-0: Called Strike
1-1: Ball
2-1: Swinging Strike
2-2: SINGLE (Line Drive, 9LS, EV 109.4 MPH)
Batting: RHB Immel Kamuzu 0-0: Foul Ball, location: 2F
0-1: Ball
1-1: SINGLE (Line Drive, 8RS, EV 91.2 MPH)
Kalidas Mishra to second
Batting: RHB Jonathan Davis 0-0: Ball
1-0: Foul Ball, location: 2F
1-1: Swinging Strike
1-2: Ball
2-2: Ball
3-2: Fly out, F8 (Flyball, 8RD, EV 99.4 MPH)
Batting: RHB Austin Akers 0-0: Called Strike
0-1: Ball
1-1: Swinging Strike
1-2: Ball
2-2: Ball
3-2: Hit by Pitch
Kalidas Mishra to third
Immel Kamuzu to second
Batting: RHB Fortunato Fteira 0-0: Ball
1-0: Ball
2-0: DOUBLE (Line Drive, 9LD, EV 111.2 MPH)
Kalidas Mishra scores
Immel Kamuzu scores
Austin Akers to third
Batting: RHB Joe Alley 0-0: Ball
1-0: Called Strike
1-1: Ball
2-1: Ball
3-1: SINGLE (Flyball, 89M, EV 86.9 MPH)
Austin Akers scores
Fortunato Fteira to third
Runner from 3rd tries for Home, SAFE, throw by CF to home
Batting: RHB Davey Beeson 0-0: Ball
1-0: Ball
2-0: Fly out, F7 (Line Drive, 7, EV 92.5 MPH)
Top of the 2nd over - 4 runs, 4 hits, 0 errors, 1 left on base; Springfield 4 - Harrisburg 0
BOTTOM OF THE 2ND
Harrisburg Senators batting - Pitching for Springfield Cardinals : RHP Danny Cook
Batting: RHB Steve Perez 0-0: Called Strike
0-1: Called Strike
0-2: Foul Ball, location: 2F
0-2: Strikes out swinging
Batting: LHB John Holst 0-0: Ball
1-0: Foul Ball, location: 2F
1-1: Ball
2-1: Foul Ball, location: 2F
2-2: Foul Ball, location: 2F
2-2: Ball
3-2: Foul Ball, location: 2F
3-2: Base on Balls
Batting: RHB Jon Buscher 0-0: Swinging Strike
0-1: Swinging Strike
0-2: Ball
1-2: Fly out, F9 (Flyball, 9LS, EV 85.6 MPH)
Batting: RHB John McNeill 0-0: Ball
1-0: Foul Ball, location: 2F
1-1: TRIPLE (Flyball, 89XD, EV 111.2 MPH)
John Holst scores
Batting: RHB Victor Cintron 0-0: Ball
1-0: Ball
2-0: SINGLE (Groundball, 5S, EV 72.5 MPH) (infield hit)
John McNeill scores
Batting: LHB Pat Aviles 0-0: Ball
1-0: Ground out 4-3 (Groundball, 4D, EV 108.1 MPH)
Bottom of the 2nd over - 2 runs, 2 hits, 0 errors, 1 left on base; Springfield 4 - Harrisburg 2
TOP OF THE 3RD
Springfield Cardinals batting - Pitching for Harrisburg Senators : RHP Ivano Galikov
Batting: RHB Tommy Boudreaux 0-0: Ground out U3 (Groundball, 34, EV 98.1 MPH)
Batting: RHB Jose Jimenez 0-0: Ball
1-0: Called Strike
1-1: Ball
2-1: Swinging Strike
2-2: Ball
3-2: Strikes out looking
Batting: RHB Kalidas Mishra 0-0: Ball
1-0: Swinging Strike
1-1: Ball
2-1: Called Strike
2-2: Strikes out swinging
Top of the 3rd over - 0 runs, 0 hits, 0 errors, 0 left on base; Springfield 4 - Harrisburg 2
BOTTOM OF THE 3RD
Harrisburg Senators batting - Pitching for Springfield Cardinals : RHP Danny Cook
Batting: RHB Ryan Hiemer 0-0: Ball
1-0: Ball
2-0: SINGLE (Line Drive, 4MD, EV 95.0 MPH)
Batting: RHB Antonio Laurel 0-0: Called Strike
0-1: Ball
1-1: Swinging Strike
1-2: Strikes out looking
Batting: RHB Kevin Wick 0-0: Ball
1-0: Called Strike
1-1: Ball
2-1: SINGLE (Groundball, 56D, EV 102.5 MPH)
Ryan Hiemer to second
Batting: RHB Steve Perez 0-0: Foul Ball, location: 2F
0-1: Foul Ball, location: 2F
0-2: Foul Ball, location: 2F
0-2: Ball
1-2: Strikes out swinging
Batting: LHB John Holst 0-0: Ball
1-0: Ball
2-0: Ground out U3 (Groundball, 34, EV 104.4 MPH)
Bottom of the 3rd over - 0 runs, 2 hits, 0 errors, 2 left on base; Springfield 4 - Harrisburg 2
TOP OF THE 4TH
Springfield Cardinals batting - Pitching for Harrisburg Senators : RHP Ivano Galikov
Batting: RHB Immel Kamuzu 0-0: Called Strike
0-1: Ball
1-1: Swinging Strike
1-2: Strikes out looking
Batting: RHB Jonathan Davis 0-0: Ball
1-0: Called Strike
1-1: Hit by Pitch
Batting: RHB Austin Akers 0-0: Swinging Strike
0-1: Called Strike
0-2: Foul Ball, location: 2F
0-2: Strikes out looking
Batting: RHB Fortunato Fteira 0-0: Foul Ball, location: 2F
0-1: Swinging Strike
0-2: Foul Ball, location: 2F
0-2: Foul Ball, location: 2F
0-2: Strikes out swinging
Top of the 4th over - 0 runs, 0 hits, 0 errors, 1 left on base; Springfield 4 - Harrisburg 2
BOTTOM OF THE 4TH
Harrisburg Senators batting - Pitching for Springfield Cardinals : RHP Danny Cook
Batting: RHB Jon Buscher 0-0: SINGLE (Groundball, 34D, EV 105.6 MPH)
Batting: RHB John McNeill 0-0: Grounds into double play, 6-4-3 (Groundball, 6, EV 84.4 MPH)
Batting: RHB Victor Cintron 0-0: Foul Ball, location: 2F
0-1: Ball
1-1: Called Strike
1-2: Ball
2-2: Strikes out swinging
Bottom of the 4th over - 0 runs, 1 hit, 0 errors, 0 left on base; Springfield 4 - Harrisburg 2
TOP OF THE 5TH
Springfield Cardinals batting - Pitching for Harrisburg Senators : RHP Ivano Galikov
Batting: RHB Joe Alley 0-0: Called Strike
0-1: Ball
1-1: Ball
2-1: Ball
3-1: Base on Balls
Batting: RHB Davey Beeson 0-0: Ball
1-0: Foul Ball, location: 2F
1-1: Ball
2-1: Fielders Choice at 2nd, 5-4 (Groundball, 56, EV 84.4 MPH)
Batting: RHB Tommy Boudreaux 0-0: DOUBLE (Flyball, 8RXD, EV 103.8 MPH)
Davey Beeson to third
Runner from 3rd tries for Home, SAFE, throw by CF to trailing runner, SAFE at third!
Pitching: RHP Alpha Miller
Batting: RHB Jose Jimenez 0-0: Fly out, F5 (Popup, 5S, EV 67.5 MPH)
Batting: RHB Kalidas Mishra 0-0: Ball
1-0: DOUBLE (Flyball, 7LD, EV 110.0 MPH)
Tommy Boudreaux scores
Batting: RHB Immel Kamuzu 0-0: Ball
1-0: Swinging Strike
1-1: Ball
2-1: Ground out 6-3 (Groundball, 6, EV 95.0 MPH)
Top of the 5th over - 2 runs, 2 hits, 0 errors, 1 left on base; Springfield 6 - Harrisburg 2
BOTTOM OF THE 5TH
Harrisburg Senators batting - Pitching for Springfield Cardinals : RHP Danny Cook
Batting: LHB Pat Aviles 0-0: Ball
1-0: SINGLE (Groundball, 4MD, EV 98.8 MPH)
Batting: RHB Ryan Hiemer 0-0: Ball
1-0: Swinging Strike
1-1: Ball
2-1: Ball
3-1: Fly out, F8 (Flyball, 8RD, EV 101.9 MPH)
Batting: RHB Antonio Laurel 0-0: Called Strike
0-1: Swinging Strike
0-2: Ball
1-2: Foul Ball, location: 2F
1-2: Strikes out swinging
Batting: RHB Kevin Wick 0-0: Ball
1-0: Called Strike
1-1: Ball
2-1: Foul Ball, location: 2F
2-2: Ball
3-2: Foul Ball, location: 2F
3-2: Base on Balls
Pat Aviles to second
Batting: RHB Steve Perez 0-0: Ball
1-0: Ball
2-0: Called Strike
2-1: Foul Ball, location: 2F
2-2: Foul Ball, location: 2F
2-2: Strikes out swinging
Bottom of the 5th over - 0 runs, 1 hit, 0 errors, 2 left on base; Springfield 6 - Harrisburg 2
TOP OF THE 6TH
Springfield Cardinals batting - Pitching for Harrisburg Senators : RHP Alpha Miller
Batting: RHB Jonathan Davis 0-0: Ball
1-0: Ground out U3 (Groundball, 3, EV 105.6 MPH)
Batting: RHB Austin Akers 0-0: Ground out 5-3 (Groundball, 56, EV 78.8 MPH)
Batting: RHB Fortunato Fteira 0-0: Called Strike
0-1: Ball
1-1: Foul Ball, location: 2F
1-2: SINGLE (Line Drive, 4D, EV 100.0 MPH)
Batting: RHB Joe Alley 0-0: Called Strike
0-1: Called Strike
0-2: Ball
1-2: Foul Ball, location: 2F
1-2: Strikes out swinging
Top of the 6th over - 0 runs, 1 hit, 0 errors, 1 left on base; Springfield 6 - Harrisburg 2
BOTTOM OF THE 6TH
Harrisburg Senators batting - Pitching for Springfield Cardinals : RHP Danny Cook
Batting: LHB John Holst 0-0: Called Strike
0-1: Foul Ball, location: 2F
0-2: Ball
1-2: Ball
2-2: Ball
3-2: Base on Balls
Pitching: RHP Chris Ray
Batting: RHB Jon Buscher 0-0: Foul Ball, location: 2F
0-1: Ball
Wild Pitch!
John Holst to second
1-1: Called Strike
1-2: Fly out, F8 (Flyball, 8RXD, EV 81.9 MPH)
Runner from 2nd tags up, SAFE at 3rd, no throw by CF
Batting: RHB John McNeill 0-0: Foul Ball, location: 2F
0-1: Ball
1-1: Swinging Strike
1-2: Strikes out swinging
Batting: RHB Victor Cintron 0-0: Called Strike
0-1: Ball
1-1: Ground out 6-3 (Groundball, 6, EV 105.6 MPH)
Bottom of the 6th over - 0 runs, 0 hits, 0 errors, 1 left on base; Springfield 6 - Harrisburg 2
TOP OF THE 7TH
Springfield Cardinals batting - Pitching for Harrisburg Senators : RHP Alpha Miller
Batting: RHB Davey Beeson 0-0: Ball
1-0: Reached on error, E6 (Groundball, 6M, EV 83.8 MPH)
Batting: RHB Tommy Boudreaux 0-0: Called Strike
0-1: Ball
1-1: Foul Ball, location: 2F
1-2: Strikes out looking
Batting: RHB Jose Jimenez 0-0: Swinging Strike
0-1: Ball
1-1: Foul Ball, location: 2F
1-2: Foul Ball, location: 2F
1-2: Ball
2-2: Strikes out looking
Batting: RHB Kalidas Mishra 0-0: Ball
1-0: Swinging Strike
1-1: Swinging Strike
1-2: Strikes out swinging
Top of the 7th over - 0 runs, 0 hits, 1 error, 1 left on base; Springfield 6 - Harrisburg 2
BOTTOM OF THE 7TH
Harrisburg Senators batting - Pitching for Springfield Cardinals : RHP Chris Ray
Batting: LHB Pat Aviles 0-0: Ball
1-0: Called Strike
1-1: SINGLE (Groundball, 6M, EV 106.9 MPH) (infield hit)
Batting: RHB Ryan Hiemer 0-0: Ball
1-0: Fly out, F9 (Flyball, 9LD, EV 110.0 MPH)
Batting: RHB Antonio Laurel 0-0: Ball
1-0: Called Strike
1-1: Foul Ball, location: 2F
1-2: Ball
2-2: Ball
3-2: Foul Ball, location: 2F
3-2: Strikes out swinging
Batting: RHB Kevin Wick 0-0: Called Strike
0-1: Ground out U3 (Groundball, 3, EV 76.9 MPH)
Bottom of the 7th over - 0 runs, 1 hit, 0 errors, 1 left on base; Springfield 6 - Harrisburg 2
TOP OF THE 8TH
Springfield Cardinals batting - Pitching for Harrisburg Senators : RHP Alpha Miller
Pitching: RHP Chris Close
Batting: RHB Immel Kamuzu 0-0: Swinging Strike
0-1: Swinging Strike
0-2: Strikes out swinging
Batting: RHB Jonathan Davis 0-0: Called Strike
0-1: Ball
1-1: Ball
2-1: Foul Ball, location: 2F
2-2: Foul Ball, location: 2F
2-2: Foul Ball, location: 2F
2-2: Fly out, F8 (Line Drive, 8LD, EV 100.6 MPH)
Batting: RHB Austin Akers 0-0: Ground out 6-3 (Groundball, 56, EV 98.8 MPH)
Top of the 8th over - 0 runs, 0 hits, 0 errors, 0 left on base; Springfield 6 - Harrisburg 2
BOTTOM OF THE 8TH
Harrisburg Senators batting - Pitching for Springfield Cardinals : RHP Chris Ray
Batting: RHB Steve Perez 0-0: Called Strike
0-1: Ball
1-1: Called Strike
1-2: Strikes out looking
Batting: LHB John Holst 0-0: Ball
1-0: Ball
2-0: Foul Ball, location: 2F
2-1: Ball
3-1: Base on Balls
Batting: RHB Jon Buscher 0-0: Ball
1-0: Ball
2-0: Fly out, F4 (Popup, 4, EV 60.6 MPH)
Batting: RHB John McNeill 0-0: Called Strike
0-1: Called Strike
0-2: Ball
1-2: Ball
2-2: Foul Ball, location: 2F
2-2: Ball
3-2: Ground out 4-3 (Groundball, 4, EV 84.4 MPH)
Bottom of the 8th over - 0 runs, 0 hits, 0 errors, 1 left on base; Springfield 6 - Harrisburg 2
TOP OF THE 9TH
Springfield Cardinals batting - Pitching for Harrisburg Senators : RHP Chris Close
Batting: RHB Fortunato Fteira 0-0: Called Strike
0-1: Swinging Strike
0-2: Strikes out looking
Batting: RHB Joe Alley 0-0: Fly out, F6 (Popup, P, EV 73.8 MPH)
Batting: RHB Davey Beeson 0-0: Ball
1-0: Foul Ball, location: 2F
1-1: Foul Ball, location: 2F
1-2: SOLO HOME RUN (Flyball, 7D, EV 93.8 MPH), Distance : 370 ft
Batting: RHB Tommy Boudreaux 0-0: Fly out, F9 (Flyball, 9S, EV 93.8 MPH)
Top of the 9th over - 1 run, 1 hit, 0 errors, 0 left on base; Springfield 7 - Harrisburg 2
BOTTOM OF THE 9TH
Harrisburg Senators batting - Pitching for Springfield Cardinals : RHP Chris Ray
Batting: RHB Victor Cintron 0-0: Foul Ball, location: 2F
0-1: Foul Ball, location: 2F
0-2: Ball
1-2: Strikes out swinging
Batting: LHB Pat Aviles 0-0: Ball
1-0: Ball
2-0: Ball
3-0: Base on Balls
Pitching: RHP Travis Tovey
Batting: RHB Ryan Hiemer 0-0: Ball
1-0: Called Strike
1-1: Ball
2-1: Foul Ball, location: 2F
2-2: Foul Ball, location: 2F
2-2: Ball
3-2: Foul Ball, location: 2F
3-2: Fly out, F4 (Popup, 34, EV 65.0 MPH)
Batting: RHB Antonio Laurel 0-0: Called Strike
0-1: Foul Ball, location: 2F
0-2: Ball
1-2: Foul Ball, location: 2F
1-2: Hit by Pitch
Pat Aviles to second
Batting: RHB Kevin Wick 0-0: Ball
1-0: Ball
2-0: Called Strike
2-1: Ball
3-1: Called Strike
3-2: Foul Ball, location: 2F
3-2: Foul Ball, location: 2F
3-2: Foul Ball, location: 2F
3-2: Strikes out swinging
Bottom of the 9th over - 0 runs, 0 hits, 0 errors, 2 left on base; Springfield 7 - Harrisburg 2
Tuesday, March 28th , 2023 - OOTP Baseball 23.10 Build 110